 Dungeon Crawl Stone Soup version 0.31-a0-60-g62046a28e0 (webtiles) character file.

Game seed: 3612101218594884032

3472 AvylaarBelgium the Arsonist (level 9, 0/45 HPs)
             Began as a Deep Elf Fire Elementalist on June 15, 2021.
             Was a Follower of Vehumet.
             Slain by a shadow (30 damage)
             ... on level 10 of the Dungeon on May 22, 2023.
             The game lasted 00:41:16 (5205 turns).

AvylaarBelgium the Arsonist (DEFE)                  Turns: 5205, Time: 00:41:17

Health: 0/45       AC:  7    Str:  5    XL:     9   Next: 79%
Magic:  25/33      EV: 13    Int: 25    God:    Vehumet [*.....]
Gold:   311        SH:  0    Dex: 15    Spells: 17/27 levels left

rFire   . . .        t - +0 dagger (venom)
rCold   . . .        (no shield)
rNeg    . . .        a - +0 robe
rPois   .            q - +0 helmet
rElec   .            (no cloak)
rCorr   .            o - +0 pair of gloves
SInv    .            G - +0 pair of boots
Will    .....        h - amulet of regeneration
Stlth   ++           u - ring of magical power
HPRegen 1.07/turn    O - ring of flight
MPRegen 0.23/turn

%: no passive effects
@: flying
A: hooves 1, iridescent scales 1
a: Renounce Religion


You were on level 10 of the Dungeon.
You worshipped Vehumet.
Vehumet was aware of your devotion.
You visited 2 branches of the dungeon, and saw 9 of its levels.
You also visited: Bailey.

You collected 311 gold pieces.

Inventory:

Hand Weapons
 g - a +0 short sword
 i - a +1 vampiric short sword
 s - a +0 sling
 t - a +0 dagger of venom (weapon)
 F - a +4 dire flail of freezing
Missiles
 c - 4 silver boomerangs
 n - 9 poisoned darts
Armour
 a - a +0 robe (worn)
 o - a +0 pair of gloves (worn)
 q - a +0 helmet (worn)
 C - a +0 leather armour
 G - a +0 pair of boots (worn)
Magical Staves
 H - a staff of earth
Jewellery
 h - an amulet of regeneration (around neck)
 l - an amulet of reflection
 u - a ring of magical power (left hand)
 O - a ring of flight (right hand)
Wands
 w - a wand of charming (34)
 D - a wand of iceblast (11)
Scrolls
 d - a scroll of enchant weapon {unknown}
 j - 2 scrolls of fog {unknown}
 m - a scroll of poison {unknown}
 p - 3 scrolls of teleportation {unknown}
 r - a scroll of amnesia {unknown}
 y - a scroll of enchant armour {unknown}
 B - 2 scrolls of brand weapon
 E - a scroll of magic mapping {unknown}
 I - a scroll of vulnerability {unknown}
Potions
 b - a potion of berserk rage
 e - 4 potions of curing {unknown}
 f - 7 potions of heal wounds {unknown}
 k - a potion of ambrosia
 v - 2 potions of enlightenment {unknown}
 x - 3 potions of resistance {unknown}
 z - a potion of attraction
 A - a potion of cancellation
 J - 7 potions of haste {unknown}
 K - 2 potions of might {unknown}
 L - a potion of mutation
 M - 2 potions of brilliance {unknown}
 N - a potion of invisibility


   Skills:
 + Level 3.2 Dodging
 - Level 2.4 Stealth
 + Level 9.7 Spellcasting
 + Level 9.2 Conjurations
 * Level 10.0 Fire Magic


You had 17 spell levels left.
You knew the following spells:

 Your Spells              Type           Power      Damage    Failure   Level
a - Foxfire               Conj/Fire      100%       2x1d9     1%          1
b - Sticky Flame          Conj/Fire      53%        2d7       1%          4
c - Fireball              Conj/Fire      26%        3d12      4%          5

Your spell library contained the following spells:

 Spells                   Type           Power      Damage    Failure   Level
 Shock                    Conj/Air       100%       1d9       1%          1
 Inner Flame              Hex/Fire       31%        N/A       3%          3
 Petrify                  Tmut/Erth      6%         N/A       63%         4
 Metabolic Englaciation   Hex/Ice        3%         N/A       93%         5
 Statue Form              Tmut/Erth      4%         N/A       100%        6


Dungeon Overview and Level Annotations

Branches:
Dungeon (7/15)             Temple (1/1) D:5          Bailey (visited)

Altars:
Nemelex Xobeh
Sif Muna
Vehumet

Annotations:
D:4 Sigmund
D:5 Duvessa, Prince Ribbit


Innate Abilities, Weirdness & Mutations

You have large cloven feet.
You are partially covered in iridescent scales. (AC +2)


Message History

The meliai zombie is moderately damaged.
The meliai zombie is covered in liquid flames!
The meliai zombie burns!
The foxfire hits the meliai zombie.
The meliai zombie is heavily damaged.
The meliai zombie hits you but does no damage. x2
The meliai zombie barely misses you. The meliai zombie hits you.
The meliai zombie burns!
The meliai zombie hits you! The meliai zombie misses you.
The meliai zombie attacks as you move away!
The meliai zombie barely misses you. The meliai zombie misses you.
The meliai zombie burns!
The meliai zombie closely misses you. The meliai zombie hits you!
The meliai zombie burns!
The shadow slips into darkness.
The shadow flickers and vanishes!
Deactivating autopickup; reactivate with Ctrl-A.
Casting: Sticky Flame (dangerous; 1% risk of failure)
Confirm with . or Enter, or press ? or * to list all spells.
You conjure some foxfire!
The meliai zombie burns!
The meliai zombie misses you. The meliai zombie barely misses you.
The meliai zombie completely misses you.
The meliai zombie hits you.
The meliai zombie burns!
The foxfire hits the meliai zombie.
The meliai zombie is almost destroyed.
The foxfire hits the meliai zombie!
You destroy the meliai zombie!
Vehumet accepts your kill.
Your Dodging skill increases to level 3!
Your Fire Magic skill increases to level 10!
Casting: Foxfire (safe; 1% risk of failure)
Confirm with . or Enter, or press ? or * to list all spells.
You conjure some foxfire!
The foxfire hits something but does no damage.
The foxfire hits something.
Casting: Foxfire (safe; 1% risk of failure)
Confirm with . or Enter, or press ? or * to list all spells.
You conjure some foxfire!
The shadow strikes at you from the darkness!
Ouch! That really hurt!
You die...

....P..........#
.PW.8..........# .
#.....##...#####.#
...#. #.........#
. # #.........#
#.........#
#.........#
#.v.......#
#@.>......#
#v........#
#.........#
#.........#
###########


There were no monsters in sight!

Vanquished Creatures
  An orc knight (Bailey)
  An unseen horror zombie (D:10)
  Grinder (D:3)
  A hornet (D:5)
  A meliai zombie (D:10)
  Eustachio (D:5)
  A water moccasin (D:7)
  4 sky beasts (D:7)
  An ogre (D:4)
  3 phantoms
  A centaur (D:5)
  A kobold brigand (D:7)
  2 bullfrogs
  2 scorpions (D:6)
  5 wights (D:6)
  Dowan (D:5)
  A howler monkey (D:6)
  A jelly (D:5)
  3 hounds
  2 orc priests
  2 orc wizards
  4 adders
  12 gnolls
  A shadow imp (D:7)
  2 ufetubi
  A worm (D:2)
  A dart slug (D:1)
  28 orcs
  7 ball pythons
  5 endoplasms
  3 giant cockroaches
  10 goblins
  4 hobgoblins
  4 jackals (D:2)
  2 quokkas
  4 bats (D:1)
  A frilled lizard (D:3)
  14 kobolds
  5 rats
144 creatures vanquished.

Vanquished Creatures (others)
  425 foxfires
425 creatures vanquished.

Grand Total: 569 creatures vanquished

Notes
Turn   | Place    | Note
-------+----------+-------------------------------------------
     0 | D:1      | AvylaarBelgium the Deep Elf Fire Elementalist began the
                  | quest for the Orb.
     0 | D:1      | Reached XP level 1. HP: 10/10 MP: 6/6
    56 | D:1      | Found a faded altar of an unknown god.
   211 | D:1      | Reached XP level 2. HP: 15/15 MP: 6/8
   244 | D:1      | Upgraded the game from 0.27-a0-1296-g8ece459b43 to
                  | 0.27-a0-1365-ge71e8f7681
   244 | D:1      | Upgraded the game from 0.27-a0-1365-ge71e8f7681 to
                  | 0.29-a0-553-g81b289dbe5
   486 | D:1      | Upgraded the game from 0.29-a0-553-g81b289dbe5 to
                  | 0.29-a0-615-gdeedd76f10
   486 | D:1      | Upgraded the game from 0.29-a0-615-gdeedd76f10 to
                  | 0.29-a0-632-g781b4ac09e
   784 | D:1      | Upgraded the game from 0.29-a0-632-g781b4ac09e to
                  | 0.31-a0-45-g5f0c076935
   787 | D:1      | :
   808 | D:2      | Reached XP level 3. HP: 19/19 MP: 6/10
  1311 | D:2      | Reached XP level 4. HP: 24/24 MP: 8/11
  1732 | D:3      | Reached skill level 4 in Fire Magic
  1948 | D:3      | Noticed Grinder
  2006 | D:3      | Learned a level 4 spell: Sticky Flame
  2015 | D:4      | Reached XP level 5. HP: 12/28 MP: 7/13
  2491 | D:4      | Noticed an ogre
  2524 | D:4      | Killed an ogre
  2621 | D:4      | Noticed Sigmund
  2632 | D:3      | Reached skill level 5 in Spellcasting
  2632 | D:3      | Reached XP level 6. HP: 30/32 MP: 15/15
  2644 | D:3      | Learned a level 5 spell: Fireball
  2683 | D:3      | Killed Grinder
  2684 | D:3      | Reached skill level 5 in Conjurations
  2684 | D:3      | Reached skill level 5 in Fire Magic
  2969 | D:5      | Entered Level 5 of the Dungeon
  2981 | D:5      | Reached XP level 7. HP: 36/36 MP: 17/17
  3032 | D:5      | Noticed Eustachio
  3074 | D:5      | Killed Eustachio
  3096 | D:5      | Noticed Prince Ribbit
  3104 | D:5      | Upgraded the game from 0.31-a0-45-g5f0c076935 to
                  | 0.31-a0-60-g62046a28e0
  3249 | D:5      | Found a staircase to the Ecumenical Temple.
  3269 | Temple   | Entered the Ecumenical Temple
  3287 | Temple   | Became a worshipper of Vehumet
  3358 | D:5      | Noticed Dowan
  3366 | D:5      | Killed Dowan
  3512 | D:6      | Found Kaxzuaxt's Magic Scroll Boutique.
  3655 | D:6      | Reached skill level 6 in Fire Magic
  3655 | D:6      | Reached XP level 8. HP: 41/41 MP: 20/20
  3810 | D:6      | Reached skill level 7 in Fire Magic
  4212 | D:5      | Noticed a hornet
  4219 | D:5      | Killed a hornet
  4220 | D:5      | Noticed Duvessa
  4264 | D:7      | Reached skill level 8 in Fire Magic
  4286 | D:7      | Reached XP level 9. HP: 45/45 MP: 12/23
  4462 | D:7      | Reached * piety under Vehumet
  4462 | D:7      | Offered knowledge of Sandblast by Vehumet.
  4485 | D:7      | Found a sparkling altar of Nemelex Xobeh.
  4505 | D:7      | Found a shimmering blue altar of Sif Muna.
  4602 | D:7      | Found a flagged portal.
  4624 | Bailey   | Entered a bailey
  4854 | Bailey   | Reached skill level 9 in Fire Magic
  4900 | Bailey   | Noticed an orc knight
  4924 | Bailey   | Killed an orc knight
  5065 | D:7      | Gained mutation: You are partially covered in iridescent
                  | scales. (AC +2) [potion of mutation]
  5065 | D:7      | Gained mutation: You have large cloven feet. [potion of
                  | mutation]
  5129 | D:7      | You fall into a shaft and drop 3 floors!
  5129 | D:10     | Entered Level 10 of the Dungeon
  5154 | D:10     | Offered knowledge of Shock by Vehumet.
  5203 | D:10     | Reached skill level 10 in Fire Magic
  5205 | D:10     | Slain by a shadow

Illustrated notes

.......#..#.#..#.#
.......####.##.#.#
######......##.#.#
#########...#
#......# #.....รท#
#......# #......#
#.....@# #......#
#......# #......#
########


Turn 787 on D:1: :

Levels and vault maps discovered:
D:1:      ncdulo_wetmaze, layout_basic, basic_ecumenical_altar
D:2:      layout_basic, minmay_door_square, minmay_tetromino_t4
D:3:      layout_loops_ring, uniq_grinder
D:4:      wad_river_or_something, layout_basic, eat_drink_and_be_merry_uskayaw,
          uniq_natasha, uniq_pikel, uniq_sigmund
D:5:      layout_loops_cross, lemuel_doored_altar, minmay_temple_entry_slanted,
          nicolae_titane, uniq_eustachio, uniq_prince_ribbit1, uniq_duvessa
D:6:      layout_basic, serial_shops, nicolae_shop_just_a_little_nook
D:7:      layout_cave_pods, mainiacjoe_overflow_big_doors, enter_bailey_7
D:10:     cheibrodos_frozen_isle, layout_grid_maze,
          mainiacjoe_overflow_24_doors, fedhas_altar_3, serial_undead,
          serial_undead_c, serial_undead_d, serial_undead_b, serial_undead_e,
          serial_undead_b, nicolae_nh_oracle_at_delphi
Temple:   regret_index_temple_generic_petals

Skill      XL: |  1  2  3  4  5  6  7  8  9 |
---------------+----------------------------+-----
Conjurations   | 2 3 4 5 7 8 9 |  9.2
Spellcasting   | 4 5 6 8 9 |  9.7
Fire Magic     | 4 5 6 8 10 | 10.0
Dodging        | 3 |  3.2
Stealth        | |  2.4

Action                     |  1- 3 |  4- 6 |  7- 9 || total
---------------------------+-------+-------+-------++-------
  Melee: Short sword       |     9 |    31 |       ||    40
         Dagger            |       |       |     1 ||     1
   Cast: Foxfire           |    65 |    52 |   189 ||   306
         Sticky Flame      |       |     5 |    20 ||    25
         Fireball          |       |       |     9 ||     9
  Evoke: Wand              |       |       |     1 ||     1
    Use: Scroll            |       |       |     6 ||     6
         Potion            |       |       |     1 ||     1
   Stab: Sleeping          |       |     3 |       ||     3
 Armour: Robe              |     8 |     9 |    18 ||    35
  Dodge: Dodged            |    29 |    40 |    64 ||   133

Table legend: (Time is in decaauts)
 A = Elapsed time spent in this place.
 B = Non-inter-level travel time spent in this place.
 C = Inter-level travel time spent in this place.
 D = Time resting spent in this place.
 E = Time spent auto-exploring this place.
 F = Levels seen in this place.
 G = Mean time per level.
                   A        B        C        D        E       F      G
               +--------+--------+--------+--------+--------+-----+--------+
         Total |   5213 |   5131 |     82 |    590 |   2638 |  10 |  521.3 |
       Dungeon |   4745 |   4663 |     82 |    549 |   2511 |   8 |  593.1 |
        Temple |     34 |     34 |      0 |      0 |     11 |   1 |   34.0 |
        Bailey |    433 |    433 |      0 |     41 |    116 |   1 |  433.0 |
               +--------+--------+--------+--------+--------+-----+--------+

Top non-repeatable levels by time:
     D:2: 884 daAuts
     D:1: 796 daAuts
     D:3: 755 daAuts
     D:6: 742 daAuts
     D:4: 545 daAuts
     D:5: 487 daAuts
     D:7: 458 daAuts
  Bailey: 433 daAuts
    D:10: 75 daAuts
  Temple: 34 daAuts
